Map: [ESL] Data-C

Players

YoungYakov

  • Race: Zerg Zerg
  • Spawn Location: 9:00

Strange - Winner!

  • Race: Protoss Protoss
  • Spawn Location: 3:00

Event: DreamHack SC2 Masters 2022 Atlanta (Online)

VOD

Have the link to the VOD?

Description

Time

  • Played on: Oct. 9, 2022, 12:15 p.m.
  • Length: 18:23

All games in this series

Show
View Real Time Build Order
Export as new Build Order

YoungYakov Zerg 

Build Orders: Hatch First, Lurkers 

Get SALT Encoding   

  12  0:00  Drone  
  13  0:12  Overlord  
  13  0:17  Drone  
  14  0:30  Drone x2  
  16  0:50  Hatchery  
  16  0:52  Drone  
  16  0:55  Drone  
  17  0:58  Drone  
  18  1:10  Extractor  
  17  1:14  Spawning Pool  
  17  1:17  Drone  
  17  1:20  Drone  
  18  1:27  Drone  
  19  1:38  Drone  
  20  1:49  Drone  
  21  1:59  Overlord  
  21  2:02  Queen x2  
  21  2:03  Zergling x2  
  26  2:11  Drone  
  26  2:13  Metabolic Boost  
  27  2:16  Drone  
  27  2:21  Drone  
  29  2:25  Drone  
  30  2:36  Hatchery  
  29  2:38  Drone  
  30  2:45  Queen  
  30  2:48  Overlord  
  30  2:51  Drone  
  33  2:54  Drone  
  33  2:55  Drone  
  35  3:02  Drone  
  35  3:04  Overlord  
  36  3:09  Drone x2  
  36  3:12  Drone x3  
  41  3:16  Overlord  
  41  3:22  Queen  
  41  3:24  Drone  
  44  3:30  Queen  
  46  3:35  Zergling x4  
  46  3:38  Spore Crawler  
  46  3:40  Spore Crawler  
  46  3:43  Drone x2  
  46  3:47  Drone  
  46  3:48  Drone  
  50  3:49  Drone  
  51  3:56  Queen  
  53  4:03  Drone x3  
  53  4:08  Spore Crawler  
  55  4:11  Overlord  
  55  4:15  Zergling x2, Evolution Chamber  
  55  4:16  Zergling x2  
  56  4:18  Drone x2  
  56  4:20  Overlord  
  58  4:30  Roach Warren  
  57  4:32  Drone x4  
  57  4:35  Extractor  
  57  4:36  Drone x3  
  62  4:38  Zergling x2  
  62  4:41  Zergling x4  
  62  4:44  Zergling x4  
  67  4:49  Zerg Missile Weapons Level 1  
  67  4:53  Drone  
  67  4:54  Overlord  
  67  4:55  Overlord  
  68  5:09  Overlord x2  
  68  5:11  Roach x3  
  68  5:13  Roach x3  
  80  5:16  Lair  
  80  5:18  Roach  
  80  5:19  Zergling x2  
  83  5:24  Evolution Chamber  
  83  5:28  Roach x3  
  87  5:41  Roach x2  
  87  5:43  Drone x7  
  86  5:51  Drone x4  
  86  5:55  Queen, Overlord  
  86  5:56  Overlord  
  92  5:58  Extractor  
  92  6:00  Zergling x2, Extractor  
  92  6:01  Zergling x4  
  92  6:03  Drone  
  92  6:04  Drone  
  95  6:05  Drone  
  95  6:08  Drone x2  
  98  6:13  Glial Reconstitution  
  98  6:18  Roach x2, Extractor  
  101  6:19  Roach  
  101  6:21  Drone x3  
  101  6:24  Drone  
  107  6:26  Drone x3, Extractor  
  107  6:30  Roach x3  
  115  6:37  Overlord  
  115  6:38  Overlord x2  
  115  6:50  Hatchery, Roach x3  
  115  6:54  Overlord x2  
  120  6:55  Zerg Missile Weapons Level 2  
  120  7:00  Roach x2  
  124  7:06  Roach  
  124  7:07  Roach x3  
  132  7:09  Overlord  
  132  7:11  Roach  
  132  7:15  Roach x3  
  140  7:21  Roach x3  
  146  7:22  Ravager  
  146  7:23  Ravager x2  
  146  7:26  Zergling x8  
  146  7:29  Ravager  
  152  7:33  Zergling x10  
  152  7:36  Ravager x2  
  159  7:46  Zergling x4  
  159  7:47  Zergling x6  
  166  7:51  Ravager x3  
  166  7:52  Overlord x2  
  159  8:00  Roach x5  
  159  8:04  Zergling x2  
  159  8:05  Zergling x8  
  171  8:16  Roach x4  
  174  8:20  Zergling x2, Ravager x3  
  174  8:25  Roach x5  
  185  8:33  Zergling x10  
  177  8:39  Roach x3  
  162  8:45  Roach x2  
  144  8:48  Zerg Melee Weapons Level 1  
  144  8:50  Baneling Nest  
  144  8:52  Roach  
  144  8:53  Roach x6  
  139  8:58  Zergling x10  
  139  8:59  Zergling x2  
  135  9:10  Zergling x12  
  135  9:14  Drone  
  133  9:17  Infestation Pit  
  133  9:20  Drone x5  
  133  9:22  Roach  
  133  9:23  Roach x3  
  135  9:25  Zergling x2  
  135  9:26  Zergling x4  
  135  9:29  Drone  
  137  9:34  Ravager x2  
  137  9:35  Ravager x4  
  137  9:37  Zergling x10  
  147  9:41  Drone  
  147  9:42  Drone x2  
  147  9:44  Roach  
  141  9:59  Centrifugal Hooks  
  138  10:00  Baneling Nest  
  138  10:02  Hive  
  138  10:03  Drone x2  
  138  10:04  Zergling x8, Drone  
  138  10:05  Ravager  
  138  10:06  Hatchery  
  145  10:09  Drone x2  
  145  10:10  Extractor  
  145  10:11  Drone x3, Extractor  
  145  10:13  Drone  
  145  10:14  Drone x2  
  151  10:24  Zergling x16  
  158  10:36  Roach x6  
  167  10:43  Hydralisk Den, Drone x4  
  170  10:52  Drone x2  
  170  10:53  Zergling x18, Roach x2  
  170  10:56  Overlord x2  
  185  11:08  Overlord x2  
  185  11:10  Zerg Melee Weapons Level 2  
  181  11:15  Viper x2, Adrenal Glands  
  181  11:16  Viper, Lurker Den  
  181  11:18  Drone x4  
  192  11:19  Drone  
  192  11:20  Extractor  
  193  11:29  Drone x3  
  193  11:32  Spine Crawler  
  195  11:33  Spine Crawler  
  195  11:34  Zerg Missile Weapons Level 3  
  195  11:37  Zergling x12  
  198  11:49  Muscular Augments  
  198  11:51  Pneumatized Carapace  
  198  11:52  Overseer  
  198  12:08  Hydralisk  
  198  12:22  Overlord  
  197  12:33  Seismic Spines, Spine Crawler  
  197  12:34  Spine Crawler x2  
  197  12:35  Hydralisk, Spine Crawler  
  197  12:37  Lurker  
  196  12:45  Baneling x24  
  196  12:46  Baneling x4  
  196  12:50  Zergling x6  
  197  12:58  Hatchery  
  172  13:13  Hydralisk x9  
  190  13:23  Lurker  
  191  13:29  Extractor  
  191  13:30  Adaptive Talons  
  185  13:38  Zerg Ground Armor Level 1  
  185  13:39  Lurker x9  
  194  13:56  Hydralisk x2  
  194  13:57  Zergling x2  
  199  14:03  Overseer  
  185  14:28  Zergling x18  
  185  14:31  Hydralisk x6  
  161  14:57  Hydralisk x5  
  161  14:58  Hydralisk x5  
  174  15:03  Hydralisk x8  
  185  15:09  Zergling x28  
  175  15:15  Roach x8  
  175  15:17  Overlord x4  
  185  15:21  Spire  
  173  15:29  Hydralisk x4, Overlord x2  
  173  15:31  Grooved Spines  
  157  15:51  Lurker x10  
  157  15:53  Zergling x30  
  175  16:01  Hydralisk  
  175  16:02  Hydralisk x7  
  156  16:20  Hydralisk x5  
  159  16:25  Hydralisk  
  159  16:31  Hydralisk x4  
  169  16:34  Lurker x3  
  171  16:53  Extractor  
  170  16:56  Extractor  
  170  16:58  Viper  
  171  17:03  Hatchery x2  
  160  17:11  Hatchery  
  160  17:15  Hydralisk x6  
  144  17:23  Hydralisk x3  
  117  17:32  Zergling x12, Roach x4  
  129  17:41  Drone  
  129  17:42  Drone x2  
  122  17:48  Hydralisk x3  
  122  17:55  Zergling x10  
  127  17:59  Baneling  
  127  18:00  Baneling x7  
Show
View Real Time Build Order
Export as new Build Order

Strange Protoss - Winner!

Build Orders: 1 Gate Expand, Oracle Opening, Carriers 

Get SALT Encoding   

  12  0:00  Probe  
  13  0:12  Probe  
  14  0:19  Pylon  
  14  0:24  Probe  
  15  0:37  Probe (Chrono Boost)  
  15  0:40  Gateway  
  16  0:46  Probe (Chrono Boost)  
  17  0:50  Assimilator  
  17  0:52  Probe  
  18  1:04  Probe  
  19  1:16  Probe  
  20  1:27  Nexus  
  20  1:37  Cybernetics Core  
  20  1:41  Probe  
  21  1:48  Assimilator  
  21  1:53  Probe  
  22  1:56  Pylon  
  22  2:05  Probe (Chrono Boost)  
  23  2:14  Adept  
  25  2:17  Probe (Chrono Boost)  
  25  2:19  Stargate  
  26  2:25  Probe (Chrono Boost)  
  26  2:27  Warp Gate  
  27  2:31  Probe (Chrono Boost)  
  28  2:41  Probe (Chrono Boost)  
  28  2:43  Probe (Chrono Boost)  
  30  2:47  Stalker  
  30  2:48  Probe (Chrono Boost)  
  30  2:50  Probe (Chrono Boost)  
  34  2:53  Probe (Chrono Boost)  
  35  2:59  Probe  
  35  3:01  Oracle (Chrono Boost)  
  39  3:06  Probe  
  39  3:11  Probe  
  41  3:16  Pylon  
  41  3:18  Probe  
  42  3:22  Gateway  
  42  3:24  Adept  
  42  3:26  Probe  
  45  3:35  Probe  
  49  3:41  Probe  
  49  3:42  Pylon  
  50  3:51  Gateway  
  50  3:52  Gateway  
  50  3:53  Twilight Council  
  47  4:01  Gateway  
  47  4:03  Gateway  
  47  4:06  Probe  
  47  4:07  Probe  
  49  4:22  Adept x2, Resonating Glaives (Chrono Boost), Pylon  
  53  4:28  Nexus  
  53  4:36  Probe x2  
  55  4:40  Pylon  
  55  4:48  Probe  
  55  4:52  Adept x4  
  60  4:55  Probe  
  65  5:01  Adept x2  
  69  5:13  Adept x4  
  77  5:22  Probe  
  77  5:24  Assimilator x2  
  77  5:25  Pylon  
  78  5:40  Probe x2  
  78  5:44  Probe (Chrono Boost)  
  78  5:47  Adept x5  
  85  5:56  Probe (Chrono Boost)  
  85  5:57  Shield Battery, Probe x2 (Chrono Boost)  
  88  6:02  Robotics Facility  
  88  6:05  Probe (Chrono Boost)  
  88  6:06  Probe x2 (Chrono Boost)  
  88  6:07  Sentry x2  
  95  6:12  Pylon  
  95  6:14  Probe  
  95  6:16  Forge, Probe  
  95  6:17  Probe, Blink (Chrono Boost)  
  98  6:26  Probe  
  98  6:29  Probe x2  
  101  6:37  Assimilator  
  101  6:38  Probe  
  102  6:41  Probe  
  102  6:42  Protoss Ground Weapons Level 1 (Chrono Boost), Assimilator  
  102  6:43  Probe  
  104  6:48  Pylon  
  104  6:49  Pylon  
  104  6:50  Sentry, Probe, Stalker  
  109  7:00  Robotics Facility  
  109  7:01  Robotics Bay  
  109  7:02  Immortal (Chrono Boost)  
  109  7:05  Probe  
  109  7:07  Pylon  
  112  7:09  Pylon  
  112  7:13  Gateway  
  112  7:19  Gateway  
  112  7:21  Gateway  
  112  7:27  Observer  
  112  7:35  Sentry, Stalker x2  
  112  7:36  Stalker  
  121  7:41  Stalker x2  
  121  7:44  Shield Battery  
  125  7:48  Immortal  
  125  7:50  Photon Cannon  
  129  7:51  Photon Cannon  
  129  7:52  Disruptor  
  132  8:04  Stalker x4  
  138  8:16  Stalker x4  
  136  8:22  Pylon  
  136  8:24  Pylon  
  136  8:26  Disruptor  
  139  8:31  Stalker  
  139  8:32  Stalker  
  135  8:38  Stalker x3  
  106  8:49  Stalker x3  
  106  8:50  Probe  
  106  8:51  Probe  
  108  8:56  Probe  
  108  9:02  Probe, Stalker x2  
  114  9:03  Probe  
  114  9:08  Protoss Ground Weapons Level 2 (Chrono Boost)  
  107  9:19  Stalker x5  
  117  9:32  Stalker x3  
  117  9:37  Zealot  
  125  9:46  Pylon  
  125  9:49  Pylon  
  125  9:51  Disruptor x2 (Chrono Boost)  
  126  10:01  Charge  
  126  10:03  Nexus  
  126  10:05  Pylon  
  126  10:07  Sentry x2  
  128  10:09  Photon Cannon  
  128  10:11  Probe x2  
  132  10:20  Observer  
  133  10:27  Photon Cannon  
  133  10:28  Adept x2, Zealot  
  135  10:29  Shield Battery  
  135  10:31  Disruptor  
  135  10:35  Zealot x2  
  146  10:40  Shield Battery  
  142  10:43  Shield Battery  
  142  10:44  Stalker  
  142  10:46  Stalker  
  146  10:53  Disruptor  
  149  11:06  Disruptor  
  149  11:14  Probe x2  
  149  11:18  Zealot  
  153  11:19  Assimilator  
  153  11:21  Assimilator  
  153  11:23  Templar Archives  
  153  11:27  Extended Thermal Lance (Chrono Boost), Colossus (Chrono Boost)  
  153  11:28  Protoss Ground Weapons Level 3 (Chrono Boost)  
  153  11:29  Sentry, Photon Cannon  
  153  11:31  Photon Cannon  
  161  11:33  Shield Battery  
  161  11:34  Probe x4  
  165  11:46  Probe  
  166  11:49  Photon Cannon  
  166  11:51  Pylon  
  168  12:05  Colossus (Chrono Boost)  
  168  12:22  Colossus  
  174  12:29  Fleet Beacon  
  174  12:33  Stargate  
  174  12:34  Photon Cannon  
  174  12:35  Protoss Air Weapons Level 1 (Chrono Boost)  
  174  12:36  Stargate  
  174  12:37  Photon Cannon  
  174  12:38  Photon Cannon  
  174  12:39  Shield Battery  
  174  12:41  Pylon  
  174  12:42  Psionic Storm  
  174  12:44  Shield Battery, Pylon  
  170  13:08  Zealot  
  170  13:09  Zealot x7  
  184  13:17  Carrier x2 (Chrono Boost)  
  196  13:23  Carrier (Chrono Boost)  
  182  13:35  High Templar x2  
  182  13:40  Archon  
  186  13:49  Zealot x3  
  186  13:50  Zealot x4  
  200  13:59  Protoss Shields Level 1 (Chrono Boost)  
  200  14:13  Nexus  
  200  14:15  Pylon  
  200  14:16  Pylon  
  198  14:24  Carrier x2 (Chrono Boost)  
  198  14:36  Photon Cannon  
  198  14:38  Photon Cannon  
  194  14:39  Photon Cannon  
  194  14:40  Photon Cannon  
  194  14:42  Photon Cannon  
  194  14:43  Photon Cannon  
  194  14:44  Shield Battery  
  194  14:47  Shield Battery  
  194  14:49  Shield Battery, Zealot  
  194  14:50  Zealot x4, Photon Cannon  
  183  14:54  Photon Cannon  
  179  15:00  Stalker x2  
  179  15:01  High Templar x2  
  154  15:15  Archon  
  154  15:16  High Templar x5  
  154  15:20  Archon  
  154  15:21  Archon  
  160  15:24  Stalker  
  160  15:25  Stalker  
  160  15:26  Carrier (Chrono Boost)  
  170  15:30  Probe x4  
  165  15:43  High Templar  
  165  15:45  Probe x2  
  165  15:48  Zealot x4  
  177  15:51  High Templar x4  
  181  16:08  Zealot x4  
  165  16:23  Carrier x2 (Chrono Boost)  
  157  16:32  Assimilator  
  169  16:34  Immortal (Chrono Boost), Assimilator  
  169  16:37  Observer (Chrono Boost)  
  174  16:42  Zealot x5  
  184  16:52  Immortal (Chrono Boost)  
  184  16:57  Zealot  
  184  16:58  Zealot  
  182  17:06  Immortal  
  186  17:11  Zealot x2  
  186  17:12  Zealot x4  
  196  17:22  Archon  
  183  17:26  Zealot, High Templar x2  
  181  17:37  High Templar x2  
  181  17:38  Zealot x2  
  189  17:46  High Templar x2  
  189  17:53  Stalker  
  191  17:59  Observer  
  196  18:19  Zealot x7  
Tags
 
Add a new tag
Caveats
  • Supply blocks, unpowered buildings, or Contaminate may cause inaccurate times.
  • Supply counts are checked every 10 seconds.